 Dungeon Crawl Stone Soup version 0.28.0-47-ge53b351184 (webtiles) character file.

Game seed: 4926846442952647403

423 RatsInWalls the Twirler (level 7, -3/52 HPs)
             Began as a Human Wanderer on May 9, 2022.
             Slain by a black bear (6 damage)
             ... on level 5 of the Dungeon.
             The game lasted 00:15:41 (4007 turns).

RatsInWalls the Twirler (Human Wanderer)            Turns: 4007, Time: 00:15:42

Health: -3/52      AC:  7    Str: 10    XL:     7   Next: 17%
Magic:  10/10      EV:  9    Int: 21    God:
Gold:   53         SH:  0    Dex: 17    Spells: 6/11 levels left

rFire   . . .      SeeInvis .   a - +2 quarterstaff
rCold   . . .      Faith    .   (shield currently unavailable)
rNeg    . . .      Spirit   .   b - +1 scale mail
rPois   +          Reflect  .   (no helmet)
rElec   .          Harm     .   (no cloak)
rCorr   .          Rampage  .   (no gloves)
Will    .....                   (no boots)
Stlth   ..........              f - amulet of the Nine Knaves {rPois Regen+ Dex+3}
HPRegen 0.97/turn               k - +6 ring of intelligence
MPRegen 0.12/turn               (no ring)

@: no status effects
A: no striking features
a: no special abilities


You were on level 5 of the Dungeon.
You visited 1 branch of the dungeon, and saw 5 of its levels.

You collected 118 gold pieces.
You spent 65 gold pieces at shops.

Inventory:

Hand Weapons
 a - a +2 quarterstaff (weapon)
Armour
 b - a +1 scale mail (worn)
Magical Staves
 j - a staff of air
Jewellery
 f - the amulet of the Nine Knaves (around neck) {rPois Regen+ Dex+3}
   (You found it on level 3 of the Dungeon)

   [amulet of regeneration]

   Dex:       It affects your dexterity (+3).
   rPois:     It protects you from poison.
   Regen:     It increases your rate of health regeneration.
 k - a +6 ring of intelligence (left hand)
Wands
 l - a wand of flame (3)
Scrolls
 d - a scroll of magic mapping
 e - a scroll of enchant weapon {unknown}
 h - a scroll of fog {unknown}
Potions
 c - a potion of heal wounds {unknown}
 g - a potion of lignification {unknown}
 i - a potion of resistance {unknown}
 m - a potion of magic {unknown}
 n - a potion of flight {unknown}
 o - 2 potions of mutation


   Skills:
 + Level 3.0 Fighting
 + Level 3.6 Staves
 + Level 3.0 Armour
 + Level 3.1 Dodging
 + Level 2.6 Spellcasting
 - Level 2.0 Hexes
 - Level 1.5 Invocations
 - Level 1.0 Evocations


You had 6 spell levels left.
You knew the following spells:

 Your Spells              Type           Power      Damage    Failure   Level
a - Slow                  Hex            44%        N/A       36%         1
b - Summon Ice Beast      Ice/Summ       2%         N/A       100%        4

Your spell library contained the following spells:

 Spells                   Type           Power      Damage    Failure   Level
 Animate Skeleton         Necr           4%         N/A       65%         1
 Apportation              Tloc           4%         N/A       65%         1
 Magic Dart               Conj           8%         1d3       65%         1
 Summon Small Mammal      Summ           8%         N/A       65%         1
 Confusing Touch          Hex            11%        N/A       75%         3
 Searing Ray              Conj           4%         2d4       80%         2
 Fulminant Prism          Conj/Hex       3%         3d6       99%         4
 Summon Mana Viper        Hex/Summ       6%         N/A       100%        5
 Malign Gateway           Summ/Tloc      1%         N/A       100%        7
 Monstrous Menagerie      Summ           1%         N/A       100%        7
 Summon Horrible Things   Summ           1%         N/A       100%        8


Dungeon Overview and Level Annotations

Branches:
Dungeon (5/15)
 Temple: D:4-7

Altars:

Shops:
D:1 *   D:5 **


Message History

The black bear is heavily wounded.
The black bear bites you. The black bear closely misses you.
The black bear misses you.
You sock the black bear!
The black bear is severely wounded.
The black bear goes berserk!
You hit the black bear but do no damage.
The black bear is severely wounded.
The black bear closely misses you. The black bear claws you.
The black bear claws you but does no damage.
The black bear bites you but does no damage.
The black bear claws you. The black bear closely misses you.
You closely miss the black bear.
The black bear is severely wounded.
The black bear bites you! The black bear claws you. x2
The black bear bites you.
The black bear claws you but does no damage.
The black bear barely misses you.
You hit the black bear but do no damage.
The black bear is severely wounded.
The black bear bites you. The black bear claws you.
The black bear claws you but does no damage.
The black bear barely misses you. The black bear claws you. x2
Aiming: Throw Flame
Press: ? - help, Shift-Dir - straight line, f/p - black bear
Aim: a black bear (severely wounded, berserk, 77% to hit)
The puff of flame hits the black bear.
The black bear is almost dead.
The black bear bites you.
* * * LOW HITPOINT WARNING * * *
The black bear closely misses you. The black bear barely misses you.
Aiming: Throw Flame
Press: ? - help, Shift-Dir - straight line, f/p - black bear
Aim: a black bear (severely wounded, berserk, 77% to hit)
The puff of flame hits the black bear.
The black bear is almost dead.
The black bear bites you!
* * * LOW HITPOINT WARNING * * *
The black bear claws you.
You die...

#.....)..#
#........#
#........#
#........#
#........#
#........###
######.........<##
..........h.......
..###......@#######
...................
.###.....#.#######
####..#.# ###..#.#
# #....#.# ..
#.##.#.# #.
#.##'#.# #. #.##.#


You could see a black bear (berserk).

Vanquished Creatures
  An ogre (D:5)
  A necrophage (D:5)
  A hound (D:4)
  An orc priest (D:3)
  An orc wizard (D:3)
  Ijyb (D:3)
  4 gnolls
  4 adders
  2 worms (D:2)
  2 dart slugs (D:2)
  An orc (D:2)
  2 ball pythons
  8 endoplasms
  6 giant cockroaches
  3 hobgoblins (D:1)
  2 jackals (D:3)
  5 bats
  6 frilled lizards
  6 goblins
  7 kobolds
  3 rats
67 creatures vanquished.

Notes
Turn   | Place    | Note
-------+----------+-------------------------------------------
     0 | D:1      | RatsInWalls the Human Wanderer began the quest for the Orb.
     0 | D:1      | RatsInWalls set off with the following items: a +2
                  | quarterstaff, a +0 scale mail; and the following spell
                  | memorised: Slow; and the following spells available to
                  | memorise: Confusing Touch
     0 | D:1      | Reached XP level 1. HP: 15/15 MP: 2/2
   287 | D:1      | Reached XP level 2. HP: 21/21 MP: 3/3
   643 | D:1      | Reached XP level 3. HP: 16/26 MP: 4/4
   797 | D:1      | Found Jiruff Ugym's Assorted Antiques.
  1592 | D:2      | Reached XP level 4. HP: 32/32 MP: 5/5
  1726 | D:2      | Found a faded altar of an unknown god.
  2352 | D:3      | Noticed Ijyb
  2354 | D:3      | Noticed an ogre
  2478 | D:2      | Reached XP level 5. HP: 27/38 MP: 7/7
  2574 | D:2      | Learned a level 4 spell: Summon Ice Beast
  3539 | D:3      | Identified the amulet of the Nine Knaves {rPois Regen+
                  | Dex+3}
  3781 | D:3      | Reached XP level 6. HP: 41/46 MP: 9/9
  3863 | D:3      | Killed Ijyb
  3912 | D:3      | You fall into a shaft and drop 2 floors!
  3912 | D:5      | Entered Level 5 of the Dungeon
  3912 | D:5      | Found Ygyuqec's General Store.
  3937 | D:5      | Found Sak Duse's General Store.
  3938 | D:5      | Noticed a necrophage
  3944 | D:5      | Killed a necrophage
  3944 | D:5      | Noticed an ogre
  3950 | D:5      | Killed an ogre
  3951 | D:5      | Reached XP level 7. HP: 35/52 MP: 10/10
  3971 | D:5      | Bought a wand of flame (8) for 65 gold pieces
  4007 | D:5      | Slain by a black bear

Illustrated notes

Levels and vault maps discovered:
D:1:      dpeg_arrival_radiant, layout_rooms, serial_shops, nicolae_shop_stone,
          minivault_24, minmay_misc_feat_rugged
D:2:      layout_basic, serial_rivers, chequers_serial_rivers_micro_c,
          chequers_serial_rivers_micro_b, chequers_serial_rivers_room_a,
          chequers_serial_rivers_micro_a, chequers_serial_rivers_marsh,
          basic_ecumenical_altar, minmay_misc_feat_alley,
          hangedman_decor_growths
D:3:      layout_loops_cross, uniq_ijyb
D:4:      layout_loops_corners
D:5:      layout_basic, grunt_temple_overflow_magic_moments,
          nzn_hepliaklqana_mist_gate, serial_shops, kennysheep_little_box, shop,
          nicolae_shop_trees, nicolae_shop_hallway_stairs, grunt_ministairs_8,
          hangedman_decor_peaks_small

Skill      XL: |  1  2  3  4  5  6 |
---------------+-------------------+-----
Dodging        | 2 3 |  3.1
Fighting       | 2 3 |  3.0
Armour         | 2 3 |  3.0
Staves         | 3 |  3.6
Spellcasting   | 2 |  2.6
Hexes          | |  2.0
Invocations    | |  1.5
Evocations     | |  1.0

Action                   |  1- 3 |  4- 6 |  7- 9 || total
-------------------------+-------+-------+-------++-------
Melee: Quarterstaff      |    99 |   110 |     6 ||   215
Evoke: Wand              |       |     5 |     5 ||    10
  Use: Scroll            |     1 |     5 |       ||     6
Armor: Scale mail        |    61 |    45 |     5 ||   111
Dodge: Dodged            |    49 |    52 |     9 ||   110
